 Dungeon Crawl Stone Soup version 0.26-a0-651-gb41185065b (webtiles) character file.

Game seed: 15713774465722000508

511 Flugslaktarn the Chopper (level 6, 0/58 HPs)
             Began as a Deep Dwarf Fighter on Oct 11, 2020.
             Succumbed to a killer bee's poison
             ... on level 4 of the Dungeon.
             The game lasted 00:01:31 (2168 turns).

Flugslaktarn the Chopper (Deep Dwarf Fighter)       Turns: 2168, Time: 00:01:32

Health: 0/58       AC: 12    Str: 20    XL:     6   Next: 99%
Magic:  6/6        EV:  4    Int:  8    God:
Gold:   122        SH: 10    Dex: 14    Spells: 5/5 levels left

rFire    . . .     SeeInvis .   a - +0 war axe
rCold    . . .     Faith    .   c - +0 kite shield
rNeg     . . .     Spirit   .   g - +0 plate armour
rPois    .         Reflect  .   (no helmet)
rElec    .         Harm     .   (no cloak)
rCorr    .         Rampage  .   (no gloves)
MR       .....                  (no boots)
Stlth    ..........             (no amulet)
HPRegen  0.00/turn              (no ring)
MPRegen  0.10/turn              (no ring)

@: lethally poisoned (0 -> -23), marked, non-regenerating
A: damage resistance, heal wounds, sense surroundings 1, no regeneration
a: Heal Wounds


You were on level 4 of the Dungeon.
You visited 2 branches of the dungeon, and saw 6 of its levels.

You collected 122 gold pieces.

Inventory:

Hand Weapons
 a - a +0 war axe (weapon)
Armour
 c - a +0 kite shield (worn)
 g - a +0 plate armour (worn)
   (You found it on level 4 of the Dungeon)
Wands
 k - a wand of enslavement (1)
   (You took it off Ijyb on level 3 of the Dungeon)
Scrolls
 b - a scroll of fog {unknown}
 e - a scroll of amnesia {unknown}
 t - a scroll of teleportation
 x - a scroll of remove curse
Potions
 d - a potion of might
 f - a potion of berserk rage {unknown}
 q - a potion of curing


   Skills:
 * Level 4.7 Fighting
 * Level 5.0 Axes
 + Level 4.5 Armour
 + Level 1.3 Dodging
 - Level 4.2 Shields
 + Level 1.1 Evocations


You had 5 spell levels left.
You didn't know any spells.
Your spell library was empty.

Dungeon Overview and Level Annotations

Branches:
Dungeon (5/15)             Temple (1/1) D:4

Altars:
Dithmenos
Elyvilon
Hepliaklqana
Kikubaaqudgha
Nemelex Xobeh
Okawaru
Ru
Sif Muna
Uskayaw
The Shining One


Innate Abilities, Weirdness & Mutations

You are resistant to damage.
You can heal yourself by infusing magical energy.
You passively map a small area around you.
You do not regenerate.


Message History

A jackal comes into view.
The killer bee stings you but does no damage.
The adder bites you but does no damage.
There is a stone staircase leading up here.
The killer bee stings you.
* * * LOW HITPOINT WARNING * * *
You are more poisoned.
The killer bee poisons you! You block the killer bee's attack.
The killer bee stings you.
* * * LOW HITPOINT WARNING * * *
The hound bites you. The hound bites you but does no damage.
The killer bee stings you.
You are lethally poisoned!
The killer bee poisons you! The adder bites you but does no damage.
The killer bee stings you.
You are more poisoned.
The killer bee poisons you! The hound bites you but does no damage.
The killer bee barely misses you.
You climb upwards.
You die...

############### #..<..........#
#########.###########.#
(.........# #.# #########.# #.# #
#.# #.# #### # #.#
#######.########... # #.#
#y@Sh.............. #
#######.#####y#####..#######.#.
###...........yh##.............#.
##...####.#.###.##.##..#########.
#.....###.#)###.##.##..# ##.
....................#..########..
.......##..).................[..#
.......##.#)###........########..
..........#[# #........# ##.


You could see 2 hounds, 3 killer bees and an adder.

Vanquished Creatures
  An ice beast (D:4)
  An orc priest (D:4)
  A centaur skeleton (D:4)
  5 orc wizards
  An iguana (D:4)
  Ijyb (D:3)
  Terence (D:3)
  3 gnolls (D:2)
  6 adders
  2 worms (D:3)
  A dart slug (D:4)
  2 leopard geckos
  13 orcs
  2 bats (D:1)
  A giant cockroach (D:4)
  5 goblins
  A hobgoblin (D:1)
  5 jackals (D:3)
  A quokka (D:3)
  A frilled lizard (D:1)
  3 kobolds
  A quokka skeleton (D:2)
  5 rats
63 creatures vanquished.

Notes
Turn   | Place    | Note
-------+----------+-------------------------------------------
     0 | D:1      | Flugslaktarn the Deep Dwarf Fighter began the quest for the
                  | Orb.
     0 | D:1      | Reached XP level 1. HP: 20/20 MP: 1/1
   260 | D:1      | Reached XP level 2. HP: 22/27 MP: 2/2
   300 | D:2      | Reached XP level 3. HP: 16/34 MP: 3/3
   301 | D:2      | Reached skill level 3 in Axes
   374 | D:3      | Noticed Terence
   385 | D:3      | Killed Terence
   428 | D:3      | Reached XP level 4. HP: 40/42 MP: 4/4
   563 | D:3      | Noticed Ijyb
   589 | D:3      | Killed Ijyb
   634 | D:3      | Reached XP level 5. HP: 21/50 MP: 5/5
   851 | D:3      | Reached skill level 4 in Axes
  1020 | D:4      | Reached XP level 6. HP: 50/57 MP: 6/6
  1165 | D:4      | Found a staircase to the Ecumenical Temple.
  1363 | Temple   | Entered the Ecumenical Temple
  1846 | D:4      | Found a sparkling altar of Nemelex Xobeh.
  1945 | D:4      | Noticed an ice beast
  1961 | D:4      | Killed an ice beast
  1961 | D:4      | Reached skill level 5 in Axes
  1961 | D:4      | Reached skill level 1 in Dodging
  1961 | D:4      | Reached skill level 1 in Evocations
  2154 | D:5      | Entered Level 5 of the Dungeon
  2168 | D:4      | Succumbed to a killer bee's poison

Illustrated notes

Levels and vault maps discovered:
D:1:      co_arrival_random_square_maze, layout_basic
D:2:      cheibrodos_fertilizer, layout_loops_ring,
          nicolae_overflow_crystal_walls, fedhas_altar_fruit_tree, uniq_robin
D:3:      layout_basic, uniq_terence, uniq_ijyb, uniq_natasha
D:4:      layout_loops_ring, minmay_temple_entry_poolview,
          nemelex_xobeh_ov_fountains_minmay
D:5:      layout_basic, nicolae_gozag_seed_capital,
          nicolae_overflow_hidden_temple, uniq_blork_the_orc,
          uniq_crazy_yiuf_cottage, uniq_grinder
Temple:   compressed_dpeg_triangle_lava_temple

Skill      XL: |  1  2  3  4  5  6 |
---------------+-------------------+-----
Fighting       | 3 4 |  4.7
Axes           | 3 4 5 |  5.0
Shields        | 4 |  4.2
Armour         | 4 |  4.5
Dodging        | 1 |  1.3
Evocations     | 1 |  1.1

Action                   |  1- 3 |  4- 6 || total
-------------------------+-------+-------++-------
Melee: War axe           |    65 |   192 ||   257
 Abil: Heal Wounds       |     1 |     3 ||     4
  Use: Scroll            |       |     4 ||     4
       Potion            |       |     2 ||     2
Armor: Scale mail        |    21 |    27 ||    48
       Chain mail        |       |    89 ||    89
       Plate armour      |       |    39 ||    39
Dodge: Dodged            |    24 |    37 ||    61
Block: Kite shield       |    40 |   134 ||   174

Table legend: (Time is in decaauts)
 A = Elapsed time spent in this place.
 B = Non-inter-level travel time spent in this place.
 C = Inter-level travel time spent in this place.
 D = Time resting spent in this place.
 E = Time spent auto-exploring this place.
 F = Levels seen in this place.
 G = Mean time per level.
                   A        B        C        D        E       F      G
               +--------+--------+--------+--------+--------+-----+--------+
         Total |   2266 |   2093 |    173 |      0 |   1525 |   6 |  377.7 |
       Dungeon |   1856 |   1701 |    155 |      0 |   1133 |   5 |  371.2 |
        Temple |    410 |    393 |     17 |      0 |    392 |   1 |  410.0 |
               +--------+--------+--------+--------+--------+-----+--------+

Top non-repeatable levels by time:
     D:4: 792 daAuts
     D:3: 672 daAuts
  Temple: 410 daAuts
     D:1: 308 daAuts
     D:2: 65 daAuts
     D:5: 16 daAuts
